 Dungeon Crawl Stone Soup version 0.22-a0-248-gc8378ba (webtiles) character file.

56 nikopol the Magician (level 3, 0/19 HPs)
             Began as a Deep Elf Fire Elementalist on Feb 28, 2018.
             Succumbed to an adder's poison
             ... on level 2 of the Dungeon.
             The game lasted 00:03:34 (1380 turns).

nikopol the Magician (Deep Elf Fire Elementalist)   Turns: 1380, Time: 00:03:34

Health: 0/19       AC:  2    Str:  5    XL:     3   Next: 69%
Magic:  0/10       EV: 13    Int: 20    God:
Gold:   31         SH:  0    Dex: 15    Spells: 7/10 levels left

rFire    . . .     SeeInvis .   g - +0 dagger (curse)
rCold    . . .     Gourm    .   (no shield)
rNeg     . . .     Faith    .   a - +0 robe
rPois    .         Spirit   .   (no helmet)
rElec    .         Reflect  .   (no cloak)
rCorr    .         Harm     .   (no gloves)
MR       .....                  (no boots)
Stlth    ++........             (no amulet)
HPRegen  0.06/turn              (no ring)
MPRegen  0.12/turn              (no ring)

@: lethally poisoned (0 -> -12)
A: no striking features
a: no special abilities


You were on level 2 of the Dungeon.
You were not hungry.

You visited 1 branch of the dungeon, and saw 2 of its levels.

You collected 31 gold pieces.

Inventory:

Hand Weapons
 g - a cursed +0 dagger (weapon)
Armour
 a - a +0 robe (worn)
Scrolls
 d - 2 scrolls of enchant weapon {unknown}
 i - 2 scrolls of identify {unknown}
 j - a scroll of remove curse {unknown}
Potions
 c - a potion of berserk rage {unknown}
 e - a potion of flight {unknown}
 f - a potion of lignification {unknown}
 h - a potion of heal wounds {unknown}
Comestibles
 b - a ration
 k - a chunk of flesh


   Skills:
 + Level 2.9 Dodging
 + Level 2.8 Stealth
 + Level 4.0 Spellcasting
 + Level 1.6 Conjurations
 + Level 4.0 Fire Magic


You had 7 spell levels left.
You knew the following spells:

 Your Spells              Type           Power        Failure   Level  Hunger
a - Flame Tongue          Conj/Fire      ###..        4%          1    None
b - Throw Flame           Conj/Fire      ###...       6%          2    #......


Dungeon Overview and Level Annotations

Branches:
Dungeon (2/15)

Altars:
Nemelex Xobeh


Message History

You feel sick. The adder closely misses you.
Casting: Flame Tongue (safe; 4% risk of failure)
Confirm with . or Enter, or press ? or * to list all spells.
Aiming: Flame Tongue (safe; 4% risk of failure)
Press: ? - help, Shift-Dir - straight line, f - adder
Aim: an adder The flame tongue misses the adder.
The flame tongue hits the adder.
The adder is almost dead.
* * * LOW HITPOINT WARNING * * *
You feel sick. The adder barely misses you.
Casting: Flame Tongue (safe; 4% risk of failure)
Confirm with . or Enter, or press ? or * to list all spells.
Aiming: Flame Tongue (safe; 4% risk of failure)
Press: ? - help, Shift-Dir - straight line, f/p - adder
Aim: an adder The flame tongue hits the adder.
The adder is lightly wounded.
* * * LOW HITPOINT WARNING * * *
You feel sick. The adder barely misses you.
You die...

#....>.......#
#.####..####.#
#..# #.# ....#
#.# ##.##### #.#
#...### #.#
......# #.#
...#.# #.# #.##.#
#@# #.####.##.#
#.#
#......##.#####S#
#.......S.KS#
##.###..####.#
#S.# #..# #.#
#.## #..# #.# #.#
#..# #.# #####.##
#..# #.#


You could see 2 adders and a kobold.

Vanquished Creatures
  An adder (D:2)
  A worm (D:2)
  2 dart slugs (D:1)
  3 leopard geckos
  A giant cockroach (D:2)
  5 goblins
  4 hobgoblins (D:1)
  3 jackals (D:1)
  A quokka (D:2)
  5 bats (D:1)
  4 frilled lizards (D:1)
  2 kobolds (D:1)
  5 rats (D:1)
37 creatures vanquished.

Notes
Turn   | Place    | Note
-------+----------+-------------------------------------------
     0 | D:1      | nikopol the Deep Elf Fire Elementalist began the quest for the Orb.
     0 | D:1      | Reached XP level 1. HP: 10/10 MP: 6/6
   137 | D:1      | Reached XP level 2. HP: 7/15 MP: 1/8
   646 | D:1      | Found a sparkling altar of Nemelex Xobeh.
   824 | D:1      | Reached XP level 3. HP: 18/19 MP: 8/10
   828 | D:1      | Learned a level 2 spell: Throw Flame
  1380 | D:2      | Succumbed to an adder's poison

Vault maps used:
D:1:      dpeg_arrival_water_fire, nemelex_xobeh_ov_fountains_minmay

Skill      XL: |  1  2  3 |
---------------+----------+-----
Spellcasting   | 4 |  4.0
Fire Magic     | 4 |  4.0
Dodging        | |  2.9
Stealth        | |  2.8
Conjurations   | |  1.6

Action                   || total
-------------------------++-------
 Cast: Flame Tongue      ||    74
  Eat: Chunk             ||     1
Armor: Robe              ||    12
Dodge: Dodged            ||    35

Table legend:
 A = Spawn XP
 B = Non-spawn XP
 C = Spawn XP percentage of total XP
 D = Spawn monster count
 E = Non-spawn monster count
 F = Spawn count percentage of total count
 G = Total turns spent on level
                    A         B        C        D         E        F      G
               +---------+---------+-------+---------+---------+-------+---------
         Total |       0 |      80 |   0.0 |       0 |      37 |   0.0 |  1380
               +---------+---------+-------+---------+---------+-------+---------
           D:1 |       0 |      50 |   0.0 |       0 |      30 |   0.0 |  1240
           D:2 |       0 |      30 |   0.0 |       0 |       7 |   0.0 |   140
               +---------+---------+-------+---------+---------+-------+---------
